 Dungeon Crawl Stone Soup version 0.27-a0-637-g3a9f0a9c12 (webtiles) character file.

Game seed: 5461801490213265628

274323 spiderkeys the Executioner (level 19, -31/180 HPs)
             Began as a Minotaur Berserker on Mar 14, 2021.
             Was the Champion of Trog.
             Annihilated by Mennas
             ... wielding a +0 trishula of holy wrath
              (46 damage)
             ... on level 2 of the Vaults.
             The game lasted 01:03:38 (42522 turns).

spiderkeys the Executioner (Minotaur Berserker)    Turns: 42522, Time: 01:03:39

Health: -31/180    AC: 33    Str: 29    XL:     19   Next: 91%
Magic:  18/18      EV: 21    Int:  4    God:    Trog [******]
Gold:   2282       SH:  0    Dex: 11    Spells: 18/18 levels left

rFire    + + .     SeeInvis +   M - +9 executioner's axe (flame)
rCold    . . .     Faith    .   (shield currently unavailable)
rNeg     + . .     Spirit   .   A - +6 ring mail of Loutypp {Rampage SInv}
rPois    +         Reflect  +   t - +2 hat
rElec    .         Harm     +   v - +3 cloak "Lueroan" {+Inv rPois rN+ Stlth+}
rCorr    .         Rampage  +   z - +2 pair of gloves {Dex+3}
Will     +....                  r - +2 pair of boots of the Salmon {Harm rF++ Dex-3 Stlth+}
Stlth    +.........             T - amulet of reflection
HPRegen  0.40/turn              U - +4 ring of protection
MPRegen  0.16/turn              K - +4 ring of evasion

@: confused, berserk cooldown, slowed, glowing, studying 3 skills, silenced,
very slow
A: horns 2, retaliatory headbutt
}: 1/15 runes: gossamer
a: Renounce Religion, Evoke Invisibility


You were on level 2 of the Vaults.
You worshipped Trog.
Trog was exalted by your worship.
You visited 7 branches of the dungeon, and saw 31 of its levels.
You also visited: Bailey, Gauntlet and Volcano.

You collected 3861 gold pieces.
You spent 1579 gold pieces at shops.

Inventory:

Hand Weapons
 i - the +7 great mace "Undeadhunter" {disrupt, rN+}
   (You found it on level 2 of the Spider Nest)

   It protects you from negative energy.
 q - the +8 Wrath of Trog {antimagic, *Rage}
   (You found it on level 1 of the Vaults)

   It reduces the magical energy of the wielder, and disrupts the spells and
   magical abilities of those hit.
   Natural abilities and divine invocations are not affected.
   It may make you go berserk in combat.
 s - a +5 executioner's axe of flaming
 M - a +9 executioner's axe of flaming (weapon)
 R - a +2 antimagic broad axe
 S - a +4 triple crossbow of flaming
Armour
 r - the +2 pair of boots of the Salmon (worn) {Harm rF++ Dex-3 Stlth+}
   (You found it in a Gauntlet)

   It affects your dexterity (-3).
   It greatly protects you from fire.
   It increases damage dealt and taken.
   It makes you more stealthy.
 t - a +2 hat (worn)
 v - the +3 cloak "Lueroan" (worn) {+Inv rPois rN+ Stlth+}
   (You bought it in a shop on level 8 of the Dungeon)

   It protects you from poison.
   It protects you from negative energy.
   It lets you turn invisible.
   It makes you more stealthy.
 z - a +2 pair of gloves of dexterity (worn)
 A - the +6 ring mail of Loutypp (worn) {Rampage SInv}
   (You found it on level 8 of the Dungeon)

   It lets you see invisible.
   It bestows one free step when moving towards enemies.
 P - the +0 cloak "Fimuojou" {rPois Will+ Int+7}
   (You found it on level 1 of the Orcish Mines)

   It affects your intelligence (+7).
   It protects you from poison.
   It affects your willpower, your defense against some magical effects.
 W - a +2 crystal plate armour
Jewellery
 f - a +6 ring of intelligence
 I - a +6 ring of dexterity
 K - a +4 ring of evasion (left hand)
 T - an amulet of reflection (around neck)
 U - a +4 ring of protection (right hand)
Wands
 l - a wand of acid (6)
 n - a wand of random effects (58)
 w - a wand of mindburst (46)
 y - a wand of polymorph (37)
 C - a wand of digging (6)
 E - a wand of charming (16)
 H - a wand of iceblast (35)
 Z - a wand of flame (28)
Scrolls
 b - 15 scrolls of identify
 d - 3 scrolls of fear
 m - 11 scrolls of teleportation
 p - 2 scrolls of magic mapping
 B - 3 scrolls of fog
 D - 4 scrolls of enchant armour
 O - 5 scrolls of silence
 V - a scroll of blinking
 X - 3 scrolls of enchant weapon
Potions
 a - 7 potions of magic
 c - 3 potions of resistance
 e - 11 potions of curing
 g - 3 potions of invisibility
 j - 12 potions of heal wounds
 k - 5 potions of attraction
 o - 5 potions of mutation
 u - 5 potions of might
 x - 10 potions of haste
 F - 8 potions of ambrosia
 G - 2 potions of flight
 J - 2 potions of degeneration
 L - 6 potions of berserk rage
 N - 3 potions of lignification
 Q - 3 potions of cancellation
Miscellaneous
 Y - a phantom mirror


   Skills:
 + Level 18.4 Fighting
 * Level 24.2 Axes
 + Level 18.3 Armour
 + Level 17.0 Dodging
 - Level 6.2 Evocations


You had 18 spell levels left.
You didn't know any spells.
Your spell library contained the following spells:

 Spells                   Type           Power      Damage    Failure   Level
 Animate Skeleton         Necr           0%         N/A       56%         1
 Freeze                   Ice            0%         1d3       56%         1
 Pain                     Necr           0%         1d4       56%         1
 Sting                    Tmut/Pois      0%         1d3       56%         1
 Summon Small Mammal      Summ           0%         N/A       56%         1
 Call Imp                 Summ           0%         N/A       71%         2
 Poisonous Vapours        Pois/Air       0%         N/A       71%         2
 Call Canine Familiar     Summ           0%         N/A       91%         3
 Frozen Ramparts          Ice            0%         1d2       91%         3
 Ignite Poison            Fire/Tmut/Pois 0%         N/A       91%         3
 Mephitic Cloud           Conj/Pois/Air  0%         N/A       91%         3
 Ozocubu's Armour         Ice            0%         N/A       91%         3
 Summon Guardian Golem    Hex/Summ       0%         N/A       91%         3
 Vampiric Draining        Necr           0%         2d6       91%         3
 Animate Dead             Necr           0%         N/A       100%        4
 Cause Fear               Hex            0%         N/A       100%        4
 Hailstorm                Conj/Ice       0%         3d3       100%        4
 Olgreb's Toxic Radiance  Pois           0%         N/A       100%        4
 Summon Ice Beast         Ice/Summ       0%         N/A       100%        4
 Summon Lightning Spire   Summ/Air       0%         N/A       100%        4
 Agony                    Necr           0%         N/A       100%        5
 Irradiate                Conj/Tmut      0%         3d13      100%        5
 Silence                  Hex/Air        0%         N/A       100%        5
 Yara's Violent Unravell  Hex/Tmut       0%         3d3       100%        5
 Hydra Form               Tmut           0%         N/A       100%        6
 Statue Form              Tmut/Erth      0%         N/A       100%        6
 Dragon Form              Tmut           0%         N/A       100%        7
 Haunt                    Necr/Summ      0%         N/A       100%        7
 Malign Gateway           Summ/Tloc      0%         N/A       100%        7
 Monstrous Menagerie      Summ           0%         N/A       100%        7
 Discord                  Hex            0%         N/A       100%        8
 Summon Horrible Things   Summ           0%         N/A       100%        8


Dungeon Overview and Level Annotations

Branches:
Dungeon (15/15)            Temple (1/1) D:5            Lair (6/6) D:9
  Swamp (0/4) Lair:3       Spider (4/4) Lair:3        Slime (0/5) Lair:5
    Orc (2/2) D:9             Elf (0/3) Orc:2        Vaults (2/5) D:14
 Depths (1/5) D:15         Bailey (visited)         Volcano (visited)
Gauntlet (visited)
  Crypt: Vaults:2-3

Altars:
Ashenzari
Cheibriados
Fedhas
Nemelex Xobeh
Sif Muna
Trog
Jiyva

Shops:
D:6 [   D:8 [   Orc:1 *!=   Orc:2 (:**   Vaults:1 :

Portals:
Pandemonium: Orc:2
Trove: Depths:1 (give 17 potions of curing)

Annotations:
D:4 1 runed translucent door
D:12 3 runed translucent doors
Vaults:2 Mennas


Innate Abilities, Weirdness & Mutations

You have a pair of horns on your head.
You reflexively headbutt those who attack you in melee.


Message History

Mennas misses you. You furiously retaliate!
You headbutt Mennas. You block Mennas's attack. Mennas closely misses you.
Mennas hits you but does no damage. Mennas blocks your attack.
Your headbutt misses Mennas.
Mennas is severely wounded.
Mennas becomes audible again.
Mennas gestures at you.
Mennas gestures frantically.
Mennas is healed somewhat.
Mennas blocks your attack.
Mennas is severely wounded.
Mennas gestures frantically.
Mennas is healed somewhat.
A red film seems to cover your vision as you go berserk!
You feel yourself moving faster!
You feel mighty!
Mennas gestures frantically.
You are confused.
You completely miss Mennas. Your headbutt misses Mennas.
Mennas is severely wounded.
Mennas gestures frantically.
Mennas's surroundings become eerily quiet.
You miss Mennas.
Mennas is severely wounded.
Mennas hits you with a +0 trishula of holy wrath!!
* * * LOW HITPOINT WARNING * * *
Mennas hits you with a +0 trishula of holy wrath!
* * * LOW HITPOINT WARNING * * *
You're too confused to move!
Mennas closely misses you.
Mennas hits you with a +0 trishula of holy wrath.
* * * LOW HITPOINT WARNING * * *
You miss Mennas. Your headbutt misses Mennas.
Mennas is heavily wounded.
Mennas hits you but does no damage.
Mennas hits you with a +0 trishula of holy wrath!!
* * * LOW HITPOINT WARNING * * *
You feel a strong urge to attack something.
You are no longer berserk.
You are exhausted.
You feel yourself slow down.
Mennas hits you with a +0 trishula of holy wrath!!!
You die...

#..# #......# #..#
.. #..# #......#
#..# .. #..#
######## #..# ..
#..# #..# .. #..#
.. #..# +# #..# .
#..###############
..
#..#......@......#
..
#..#.......A.....#
#..'.............#
#..#...>.........#
#..#.............#
#..#.............#
#..###############
#..# #..#


You could see Mennas (strong, silencing).

Vanquished Creatures
  Nikola (Spider:1)
  Arachne (Spider:4)
  Asterion (Vaults:1)
  A titan (Vaults:1)
  A deep elf sorcerer (Vaults:1)
  8 ghost moths
  2 orc warlords
  2 vault wardens (Vaults:1)
  The ghost of Rennog the Devastator, a journeyman DsCj of Sif Muna (Orc:1)
  6 emperor scorpions
  7 ironbound preservers (Vaults:1)
  2 stone giants (Vaults:1)
  2 deep elf demonologists (Vaults:1)
  An entropy weaver (Spider:2)
  A minotaur (Gauntlet)
  3 spark wasps (Spider:4)
  6 dire elephants
  The ghost of Xythonox the Peltast, a journeyman FoFi of Okawaru (D:12)
  An ettin (Vaults:1)
  2 yaktaur captains (Vaults:1)
  The ghost of Ypehuijo the Spear-Bearer, a journeyman OpFi of Gozag (Lair:5)
  A deep elf high priest (Vaults:1)
  Josephine (D:14)
  A great orb of eyes (Vaults:1)
  The ghost of davenfal the Cleaver, a journeyman FoFi of Okawaru (D:10)
  3 vault guards (Vaults:1)
  An ice dragon (Lair:6)
  The ghost of Dunwar the Spear-Bearer, a journeyman GnCK of Xom (Lair:1)
  3 boulder beetles
  A catoblepas (Lair:5)
  8 hydras
  An ogre mage (D:14)
  An ironbound frostheart (Vaults:1)
  7 two-headed ogres
  A dancing weapon (Volcano)
  4 death yaks (Gauntlet)
  A death knight (D:14)
  2 deep troll earth magi (Vaults:1)
  8 centaur warriors
  A queen ant (Gauntlet)
  5 ironbound beastmasters
  Urug (D:11)
  8 orc high priests (Orc:2)
  2 soul eaters (Orc:2)
  Nergalle (Lair:2)
  A deep elf knight (Spider:1)
  27 deep trolls (Vaults:1)
  5 skeletal warriors
  An unseen horror (D:14)
  An infernal demonspawn (Orc:2)
  13 wizards
  2 deep elf archers
  2 bog bodies (Lair:3)
  2 gelid demonspawn (Orc:2)
  An orange crystal statue (D:12)
  6 lindwurms
  6 ironbound convokers
  Pikel (D:8)
  2 deep elf zephyrmancers (D:15)
  7 orc knights
  21 orb spiders
  2 necromancers
  5 orc sorcerers
  8 moths of wrath
  4 oklob plants (Lair:2)
  2 deep elf pyromancers (D:14)
  A manticore (D:11)
  9 ugly things
  7 cyclopes
  9 elephants
  48 wolf spiders
  Maurice (D:8)
  5 toenail golems (Volcano)
  2 centaur zombies
  5 black mambas
  3 vault sentinels (Vaults:1)
  2 spectral centaurs (D:10)
  10 cane toads
  11 torpor snails
  A gargoyle (D:10)
  3 orange demons (Orc:2)
  Maggie (D:8)
  A cane toad (shapeshifter) (D:13)
  4 kobold demonologists
  10 komodo dragons
  3 minotaur zombies (Gauntlet)
  13 yaktaurs
  20 demonic crawlers
  A freezing wraith (D:14)
  A redback zombie (D:14)
  A silent spectre (Vaults:1)
  7 trolls
  2 meliai
  44 jumping spiders
  13 polar bears
  A queen bee (Lair:5)
  A jumping spider (shapeshifter) (D:14)
  A wolf spider simulacrum (D:15)
  3 tyrant leeches (Lair:6)
  19 slime creatures
  3 raiju
  12 blink frogs
  14 hornets
  3 meliai zombies
  98 redbacks
  3 shadows (D:14)
  A centaur simulacrum (D:14)
  6 wraiths
  A ynoxinul (Orc:2)
  34 tarantellas
  60 yaks
  5 basilisks
  5 wyverns
  A chaos spawn (Orc:2)
  5 vampire mosquitoes
  3 swamp worms (Lair:1)
  A soldier ant (shapeshifter) (D:14)
  5 soldier ants
  3 acid dragons
  13 wargs
  The ghost of logorrheac the Magician, an amateur DEWz (D:4)
  15 water moccasins
  15 hell hounds (Lair:6)
  3 sky beasts
  12 black bears
  13 ogres
  5 ice beasts
  38 orc warriors
  A necrophage (D:12)
  24 wolves (Lair:6)
  A boggart (D:14)
  9 centaurs
  3 lemures (D:8)
  A phantom (D:14)
  15 kobold brigands
  16 bullfrogs
  A wyvern zombie (D:7)
  2 scorpions
  14 killer bees
  16 wights
  6 howler monkeys
  A bullfrog zombie (D:12)
  A quasit (D:14)
  5 hounds
  5 jellies
  Crazy Yiuf (D:6)
  28 orc priests
  5 bullfrog skeletons
  8 centaur skeletons
  4 iguanas
  5 worker ants
  Terence (D:2)
  23 orc wizards
  2 bullfrog simulacra (D:10)
  2 hound zombies
  2 worker ant zombies
  8 gnolls (Bailey)
  9 adders
  A river rat (D:4)
  3 white imps
  An ufetubus (D:6)
  2 oozes
  5 worms
  An adder skeleton (D:5)
  A dart slug (D:2)
  7 leopard geckos
  91 orcs
  A ball python (D:3)
  3 giant cockroaches
  30 goblins
  21 hobgoblins
  10 jackals
  17 kobolds
  3 quokkas
  11 bats
  7 rats
  A bush (Lair:6)
1310 creatures vanquished.

Vanquished Creatures (collateral kills)
  2 death yaks (Gauntlet)
2 creatures vanquished.

Vanquished Creatures (others)
  A centaur zombie (D:10)
  12 fungi
  48 plants
  37 withered plants (Gauntlet)
98 creatures vanquished.

Grand Total: 1410 creatures vanquished

Notes
Turn   | Place    | Note
-------+----------+-------------------------------------------
     0 | D:1      | spiderkeys the Minotaur Berserker began the quest for the
                  | Orb.
     0 | D:1      | Reached XP level 1. HP: 19/19 MP: 0/0
   256 | D:1      | Reached XP level 2. HP: 16/27 MP: 1/1
   312 | D:1      | Reached skill level 4 in Axes
  1239 | D:2      | Reached XP level 3. HP: 33/33 MP: 2/2
  1291 | D:2      | Noticed Terence
  1305 | D:2      | Killed Terence
  1611 | D:2      | Reached XP level 4. HP: 40/40 MP: 3/3
  1921 | D:2      | Reached ** piety under Trog
  2168 | D:3      | Reached skill level 5 in Axes
  2334 | D:3      | Reached XP level 5. HP: 47/47 MP: 4/4
  3403 | D:4      | Found a runed translucent door.
  3411 | D:4      | Noticed logorrheac's ghost (amateur DEWz)
  3708 | D:4      | Found a runed translucent door.
  3713 | D:4      | Reached *** piety under Trog
  3726 | D:4      | Killed logorrheac's ghost
  3727 | D:4      | Reached skill level 5 in Fighting
  3727 | D:4      | Reached skill level 6 in Axes
  3727 | D:4      | Reached XP level 6. HP: 56/56 MP: 5/5
  3827 | D:5      | Entered Level 5 of the Dungeon
  3994 | D:5      | Found a staircase to the Ecumenical Temple.
  4083 | D:5      | Reached XP level 7. HP: 56/61 MP: 6/6
  4753 | Temple   | Entered the Ecumenical Temple
  4788 | D:6      | Reached skill level 7 in Axes
  4788 | D:6      | Reached skill level 5 in Armour
  5011 | D:6      | Reached **** piety under Trog
  5047 | D:6      | Found the +4 dagger "Morg" {pain, Will+ Int+5}
  5213 | D:6      | Found Ukeli's Antique Armour Boutique.
  5222 | D:6      | Bought a glowing hat for 147 gold pieces
  5222 | D:6      | Bought a faintly humming cloak for 199 gold pieces
  5222 | D:6      | Identified the +2 cloak "Jet Inni" {rC- Dex+7} (You bought
                  | it in a shop on level 6 of the Dungeon)
  5504 | D:6      | Reached XP level 8. HP: 69/70 MP: 7/7
  5509 | D:6      | Reached skill level 5 in Dodging
  5531 | D:6      | Found a runed translucent door.
  5532 | D:6      | Noticed Crazy Yiuf
  5630 | D:6      | Reached skill level 8 in Axes
  5802 | D:6      | Killed Crazy Yiuf
  6813 | D:8      | Identified the +6 ring mail of Loutypp {Rampage SInv}
  6833 | D:8      | Noticed Maurice
  6834 | D:8      | Found Naex Coom's Armour Shoppe.
  6839 | D:8      | Reached skill level 9 in Axes
  6855 | D:8      | Killed Maurice
  6856 | D:8      | Reached XP level 9. HP: 79/79 MP: 8/8
  6856 | D:8      | Reached ***** piety under Trog
  6904 | D:8      | Noticed Maggie
  6919 | D:8      | Killed Maggie
  6920 | D:8      | Reached skill level 10 in Axes
  7277 | D:8      | Found a shimmering blue altar of Sif Muna.
  7372 | D:8      | Noticed Pikel
  7392 | D:8      | Killed Pikel
  8214 | D:9      | Identified the +1 ring mail of Huepsiuv {+Fly rF+ Int+4}
  8217 | D:9      | Found a staircase to the Orcish Mines.
  8482 | D:9      | Found a sparkling altar of Nemelex Xobeh.
  8511 | D:9      | Reached skill level 11 in Axes
  8529 | D:8      | Reached XP level 10. HP: 47/90 MP: 9/9
  9233 | D:9      | Found a staircase to the Lair.
  9618 | D:10     | Entered Level 10 of the Dungeon
  9628 | D:10     | Found a flagged portal.
  9652 | Bailey   | Entered a bailey
  9813 | Bailey   | Reached skill level 12 in Axes
 10158 | Bailey   | Noticed an orc knight
 10160 | Bailey   | Identified the +4 great sword of Tyipap {antimagic, rElec
                  | rF+ rN+ Dex+3} (Trog gifted it to you in a bailey)
 10160 | Bailey   | Received a gift from Trog
 10175 | Bailey   | Killed an orc knight
 10268 | Bailey   | Noticed an orc knight
 10268 | Bailey   | Noticed an orc warlord
 10268 | Bailey   | Noticed an orc knight
 10284 | Bailey   | Killed an orc knight
 10296 | Bailey   | Killed an orc knight
 10309 | Bailey   | Killed an orc warlord
 10310 | Bailey   | Reached skill level 13 in Axes
 10310 | Bailey   | Reached XP level 11. HP: 87/99 MP: 10/10
 10513 | Bailey   | Reached skill level 10 in Fighting
 10719 | D:10     | Found a runed translucent gate.
 10719 | D:10     | Found a runed translucent gate.
 10726 | D:10     | Found a runed translucent gate.
 10736 | D:10     | Noticed davenfal's ghost (journeyman FoFi)
 10799 | D:10     | Found a blossoming altar of Fedhas.
 10836 | D:10     | Noticed a two-headed ogre
 10842 | D:10     | Killed a two-headed ogre
 10843 | D:10     | Reached skill level 10 in Armour
 10855 | D:10     | Noticed a skeletal warrior
 10855 | D:10     | Noticed a centaur warrior
 10879 | D:10     | Killed a centaur warrior
 11329 | D:10     | Noticed an eight-headed hydra
 11338 | D:10     | Killed an eight-headed hydra
 11348 | D:10     | Killed a skeletal warrior
 11349 | D:10     | Reached skill level 14 in Axes
 11858 | D:10     | Noticed a two-headed ogre
 11865 | D:10     | Killed a two-headed ogre
 12192 | D:10     | Reached XP level 12. HP: 110/110 MP: 11/11
 12199 | D:10     | Killed davenfal's ghost
 12200 | D:10     | Reached skill level 10 in Dodging
 12680 | D:11     | Reached skill level 15 in Axes
 12892 | D:11     | Noticed Urug
 12904 | D:11     | Killed Urug
 12904 | D:11     | Reached ****** piety under Trog
 13066 | D:11     | Received a gift from Trog
 13286 | D:11     | Reached skill level 16 in Axes
 13286 | D:11     | Reached XP level 13. HP: 117/117 MP: 12/12
 13287 | D:11     | Reached XP level 14. HP: 125/125 MP: 13/13
 13427 | D:12     | Found a runed translucent gate.
 13427 | D:12     | Found a runed translucent gate.
 13427 | D:12     | Found a runed translucent gate.
 13428 | D:12     | Noticed Xythonox's ghost (journeyman FoFi)
 13428 | D:12     | Identified the +5 whip of Armageddon {drain, Str+2 Int+3}
 13428 | D:12     | Identified the +7 short sword "Oddof" {venom, rC+ Stlth+}
 13521 | D:12     | Found a runed translucent door.
 13654 | D:12     | Found a runed translucent door.
 13672 | D:12     | Found a runed translucent door.
 13687 | D:12     | Found a runed translucent door.
 14269 | D:12     | Killed Xythonox's ghost
 14426 | D:13     | Identified a scroll of acquirement
 14426 | D:13     | Acquired a manual of Shields
 15474 | D:13     | Found a bloodstained altar of Trog.
 15813 | D:14     | Noticed Josephine
 15823 | D:14     | Killed Josephine
 15827 | D:14     | Reached skill level 17 in Axes
 16041 | D:14     | Reached XP level 15. HP: 80/135 MP: 14/14
 16229 | D:14     | Received a gift from Trog
 16579 | D:14     | Found a gate to the Vaults.
 17126 | D:8      | Bought the +3 cloak "Lueroan" {+Inv rPois rN+ Stlth+} for
                  | 670 gold pieces
 17251 | D:15     | Entered Level 15 of the Dungeon
 17893 | D:15     | Reached skill level 18 in Axes
 18485 | D:15     | Found a staircase to the Depths.
 18487 | D:15     | Paralysed by an orc sorcerer for 6 turns
 18496 | D:15     | Received a gift from Trog
 18777 | Depths:1 | Entered Level 1 of the Depths
 18777 | Depths:1 | Found a portal to a secret trove of treasure.
 18975 | Orc:1    | Entered Level 1 of the Orcish Mines
 19029 | Orc:1    | Found Unniyg's Distillery.
 19074 | Orc:1    | Found Sirroirgh's Jewellery Boutique.
 19082 | Orc:1    | Found a transporter.
 19135 | Orc:1    | Found a bloodstained altar of Trog.
 19143 | Orc:1    | Found Cesaec's Assorted Antiques.
 19151 | Orc:1    | Bought a scroll labelled ERUGATTOUG for 23 gold pieces
 19315 | Orc:1    | Noticed an orc warlord
 19332 | Orc:1    | Killed an orc warlord
 19600 | Orc:1    | Found a transporter.
 19604 | Orc:1    | Noticed Rennog's ghost (journeyman DsCj)
 19840 | Orc:1    | Killed Rennog's ghost
 20193 | Orc:1    | Identified the +0 cloak "Fimuojou" {rPois Will+ Int+7}
 20258 | Orc:2    | Entered Level 2 of the Orcish Mines
 20258 | Orc:2    | Found a staircase to the Elven Halls.
 20922 | Orc:2    | Received a gift from Trog
 20975 | Orc:2    | Found Hikel's Antique Armour Shop.
 21313 | Orc:2    | Found Bead's General Store.
 21315 | Orc:2    | Found Litobol's General Store.
 22667 | Orc:2    | Reached skill level 19 in Axes
 23186 | Orc:2    | Found Josakh's Antique Weapon Shop.
 23186 | Orc:2    | Found Vymaf's Book Boutique.
 23187 | Orc:2    | Found a one-way gate leading to the halls of Pandemonium.
 23209 | Orc:2    | Reached XP level 16. HP: 115/147 MP: 15/15
 23381 | Lair:1   | Entered Level 1 of the Lair of Beasts
 23867 | Lair:1   | Found a runed translucent gate.
 23867 | Lair:1   | Found a runed translucent gate.
 23867 | Lair:1   | Found a runed translucent gate.
 23870 | Lair:1   | Noticed Dunwar's ghost (journeyman GnCK)
 23882 | Lair:1   | Killed Dunwar's ghost
 24477 | Orc:1    | Bought an amulet of reflection for 540 gold pieces
 24572 | Lair:2   | Noticed Nergalle
 24579 | Lair:2   | Killed Nergalle
 24905 | Lair:2   | Received a gift from Trog
 26368 | Lair:2   | Identified the ring "Bidwej" {+Fly rF- rN+ Will+ MP+9}
 26424 | Lair:3   | Found a gate leading to a gauntlet.
 26429 | Lair:3   | Found a broken altar of Ashenzari.
 26438 | Gauntlet | Entered a Gauntlet
 26438 | Gauntlet | Found a transporter.
 26448 | Gauntlet | Found a transporter.
 26463 | Gauntlet | Found a transporter.
 26468 | Gauntlet | Found a transporter.
 26483 | Gauntlet | Found a transporter.
 26502 | Gauntlet | Found a transporter.
 26514 | Gauntlet | Found a transporter.
 26526 | Gauntlet | Found a transporter.
 26538 | Gauntlet | Found a transporter.
 26550 | Gauntlet | Found a transporter.
 26556 | Gauntlet | Found a transporter.
 26556 | Gauntlet | Found a transporter.
 26595 | Gauntlet | Found a transporter.
 26620 | Gauntlet | Found a transporter.
 26622 | Gauntlet | Found a transporter.
 26642 | Gauntlet | Found a transporter.
 26720 | Gauntlet | Found a transporter.
 26740 | Gauntlet | Found a transporter.
 27370 | Gauntlet | Identified the +2 pair of boots of the Salmon {Harm rF++
                  | Dex-3 Stlth+}
 27594 | Gauntlet | Reached skill level 15 in Fighting
 27683 | Lair:3   | Found a hole to the Spider Nest.
 27836 | Lair:3   | You fall into a shaft and drop 2 floors!
 27836 | Lair:5   | Found a transporter.
 27836 | Lair:5   | Found a transporter.
 27837 | Lair:5   | Noticed Ypehuijo's ghost (journeyman OpFi)
 27901 | Lair:5   | Found a dark tunnel.
 27910 | Volcano  | Entered a volcano
 27995 | Volcano  | Reached skill level 20 in Axes
 27996 | Volcano  | Reached skill level 15 in Armour
 28178 | Lair:5   | Found a staircase to the Slime Pits.
 28178 | Lair:5   | Found a viscous altar of Jiyva.
 28925 | Lair:5   | Received a gift from Trog
 28930 | Lair:5   | Killed Ypehuijo's ghost
 30337 | Lair:3   | Found a staircase to the Swamp.
 30902 | Lair:6   | Entered Level 6 of the Lair of Beasts
 30972 | Lair:6   | Reached XP level 17. HP: 132/156 MP: 16/16
 31137 | Lair:6   | Found a snail-covered altar of Cheibriados.
 31199 | Lair:6   | Found a runed translucent door.
 31352 | Lair:6   | Received a gift from Trog
 31428 | Lair:6   | Identified the +3 shortbow of the Wasp {flame, Fragile
                  | rPois Stlth+}
 31501 | Lair:6   | Identified the +3 spear of the Vestibule of Hell {freeze,
                  | rPois Stlth+}
 32034 | Lair:6   | Reached skill level 21 in Axes
 32477 | Spider:1 | Entered Level 1 of the Spider Nest
 32492 | Spider:1 | Received a gift from Trog
 33341 | Spider:1 | Noticed Nikola
 33348 | Spider:1 | Killed Nikola
 33661 | Spider:1 | Identified the +5 chain mail of Inference {*Corrode rElec
                  | SInv}
 33707 | Spider:2 | Reached skill level 15 in Dodging
 34122 | Spider:2 | Received a gift from Trog
 35024 | Spider:2 | Reached XP level 18. HP: 168/168 MP: 17/17
 35055 | Spider:2 | Found the +7 great mace "Undeadhunter" {disrupt, rN+}
 35386 | Spider:3 | Reached skill level 22 in Axes
 35408 | Spider:3 | Received a gift from Trog
 36344 | Spider:4 | Entered Level 4 of the Spider Nest
 36673 | Spider:4 | Noticed Arachne
 36931 | Spider:4 | Killed Arachne
 37360 | Spider:4 | Received a gift from Trog
 38677 | Spider:4 | Got a gossamer rune of Zot
 38744 | Spider:4 | Reached skill level 23 in Axes
 38822 | Spider:4 | Received a gift from Trog
 39312 | Vaults:1 | Entered Level 1 of the Vaults
 39386 | Vaults:1 | Reached XP level 19. HP: 177/177 MP: 18/18
 39445 | Vaults:1 | Found a transporter.
 39452 | Vaults:1 | Found a transporter.
 39978 | Vaults:1 | Noticed Asterion
 39994 | Vaults:1 | Killed Asterion
 40262 | Vaults:1 | Found Waatz's Book Boutique.
 40305 | Vaults:1 | Identified the +7 arbalest of Valour {elec, rPois Str+4
                  | Dex-5}
 40607 | Vaults:1 | Received a gift from Trog
 41681 | Vaults:1 | Found a runed translucent door.
 41681 | Vaults:1 | Found a bloodstained altar of Trog.
 41682 | Vaults:1 | Found the +8 Wrath of Trog {antimagic, *Rage}
 42053 | Vaults:1 | Reached skill level 24 in Axes
 42496 | Vaults:2 | Noticed Mennas
 42522 | Vaults:2 | Annihilated by Mennas

Illustrated notes

Levels and vault maps discovered:
D:1:      dpeg_arrival_arbitrary_a, layout_loops_ring, chequers_avenue,
          roderic_serpentine_path
D:2:      layout_loops_ring, minmay_small_reverse_x, uniq_terence
D:3:      layout_loops_cross
D:4:      layout_loops_ring, ebering_ghost_sewer_f
D:5:      layout_cave_pods, minmay_temple_entry_statues_fountains
D:6:      layout_loops_ring, serial_shops, shop, hangedman_abyss_or_decor_slice,
          dk_noncrumbling_2, uniq_crazy_yiuf_cottage
D:7:      layout_loops_corners
D:8:      layout_basic, serial_shops, shop, basic_altar,
          serial_co_window_serial, co_window_paths_a, co_window_paths_b,
          co_window_paths_a, co_window_corner_a, co_window_of_opportunity_a,
          co_window_paths_a, co_window_paths_b, co_window_corner_b,
          co_window_2corner, co_window_2corner, co_window_paths_e,
          co_window_sun, glass_columns_a, uniq_maggie, uniq_pikel, uniq_maurice
D:9:      layout_loops_cross, lemuel_crystal_altar, minmay_lair_entry_grove,
          orc_0_dummy
D:10:     minmay_the_grid_triangle_9x9_rhombus_thin
          [minmay_the_grid_triangle_9x9_shrine,
          minmay_the_grid_triangle_9x9_prize_insulated,
          minmay_the_grid_triangle_9x9_odd_lines,
          minmay_the_grid_triangle_9x9_skeleton], layout_rooms, enter_bailey_6,
          gammafunk_ghost_necromancy
D:11:     layout_loops_ring, uniq_urug
D:12:     layout_layer_cave, gammafunk_ghost_nasty_kobolds,
          minmay_statue_crystal_thing
D:13:     layout_basic, trog_ov_bears_minmay
D:14:     minmay_quarter_circles, layout_basic,
          hangedman_vaults_entry_quadrant_bands, minmay_misc_feat_roman,
          uniq_josephine
D:15:     grunt_enter_depths_magical_seal, layout_basic, glass_columns_a
Temple:   roderic_octagonal_lattice_temple
Lair:1:   layout_cave_pods, ebering_ghost_rock_garden, worms_lemuel
Lair:2:   layout_regular_city, grunt_megastairs_3, lemuel_fruit_fields,
          minmay_lair_oklob_chamber, uniq_nergalle
Lair:3:   layout_roguey, skrybe_swamp_entry_bodies,
          spider_nest_entry_funnel_web, gauntlet_entry_generic, basic_altar,
          serial_bayou_shore_a
Lair:4:   layout_small_grid, grunt_megastairs_1
Lair:5:   layout_cave_pods, slime_altar_1, gammafunk_ghost_hive,
          lightli_volcano_entry_magma_tube, lemuel_fruit_tree,
          serial_bayou_shore_b
Lair:6:   wormcave, layout_cave_pods, hangedman_lair_caniforms_friends,
          kennysheep_snail_temple
Spider:1: layout_spider_delve, beargit_elvish_explorers, uniq_nikola
Spider:2: layout_chambers, nicolae_spider_nook
Spider:3: layout_spider_delve
Spider:4: johnstein_spider_rune_arachne_lair, uniq_arachne
Orc:1:    layout_caves, basic_altar, serial_shops, shop_fountains,
          nicolae_shop_waterfront, shop, gammafunk_ghost_berserking_beasts
Orc:2:    pf_orc_diabolical, layout_caves, serial_shops, shop
Vaults:1: emtedronai_trogs_sanctum, hangedman_vaults_slice,
          nicolae_vaults_network_quinsquares
          [nicolae_vaults_network_quincunx_subvault,
          nicolae_vaults_network_quincunx_subvault,
          nicolae_vaults_network_quincunx_subvault,
          nicolae_vaults_network_quincunx_subvault], v_misc_17, v_pattern_5,
          hangedman_vaults_hat, nicolae_vaults_little_squares_2,
          ontoclasm_vaults_eye, layout_vaults_maze_snakey, serial_shops,
          shop_statue, uniq_asterion
Vaults:2: nicolae_vaults_little_ls, ontoclasm_vaults_gateway, v_pattern_1,
          nicolae_vaults_rhombus_6, nicolae_vaults_c_with_doors,
          layout_vaults_quadrants, uniq_margery, uniq_mennas, uniq_jory
Depths:1: layout_cave_shapes, pf_hell_entry_great_geh,
          nicolae_trove_entry_crossroad, hangedman_abyss_entry_splay,
          glass_columns_c, grunt_decor_one_mirror, pandoras_box_mu,
          minmay_shoptagon

Skill      XL: |  1  2  3  4  5  6  7  8  9 10 11 12 13 14 15 16 17 18 19 |
---------------+----------------------------------------------------------+-----
Axes           | 4 5 6 7 9 11 13 14 16 17 19 20 21 23 24 | 24.2
Fighting       | 4 5 6 7 8 9 11 12 13 14 15 16 17 18 | 18.4
Armour         | 3 4 5 6 8 9 10 12 14 15 16 17 18 | 18.3
Dodging        | 3 4 6 7 8 9 11 13 14 15 16 17 | 17.0
Evocations     | 6 |  6.2

Action                   |  1- 3 |  4- 6 |  7- 9 | 10-12 | 13-15 | 16-18 | 19-21 || total
-------------------------+-------+-------+-------+-------+-------+-------+-------++-------
Melee: Hand axe          |    70 |       |       |       |       |       |       ||    70
       Headbutt          |    10 |    18 |    60 |   124 |   134 |   181 |    33 ||   560
       War axe           |     2 |   121 |   227 |   394 |   212 |       |       ||   956
       Executioner's axe |       |       |       |       |   330 |   896 |   216 ||  1442
Invok: Berserk           |     1 |     1 |     1 |     5 |     7 |     3 |     3 ||    21
       Trog's Hand       |       |       |       |     1 |     1 |     1 |     1 ||     4
       Brothers in Arms  |       |       |       |       |       |     1 |       ||     1
Evoke: Wand              |       |       |       |    14 |       |    27 |       ||    41
  Use: Scroll            |       |    11 |     1 |    14 |     8 |     6 |       ||    40
       Potion            |       |       |       |     1 |     4 |     2 |     5 ||    12
 Stab: Sleeping          |       |       |       |       |     3 |    17 |     1 ||    21
       Distracted        |       |       |       |       |     1 |     4 |       ||     5
       Held in net/web   |       |       |       |       |       |     2 |       ||     2
Armor: Animal skin       |     4 |       |       |       |       |       |       ||     4
       Scale mail        |    19 |    26 |       |       |       |       |       ||    45
       Plate armour      |       |    43 |    67 |       |       |       |       ||   110
       Chain mail        |       |     8 |       |       |       |       |       ||     8
       Ring mail         |       |       |    55 |   115 |   199 |   431 |    86 ||   886
Dodge: Dodged            |    48 |    50 |   137 |   275 |   470 |   856 |   178 ||  2014
Block: Other             |       |       |       |       |       |   198 |    44 ||   242
       Reflection        |       |       |       |       |       |     3 |     4 ||     7

Table legend: (Time is in decaauts)
 A = Elapsed time spent in this place.
 B = Non-inter-level travel time spent in this place.
 C = Inter-level travel time spent in this place.
 D = Time resting spent in this place.
 E = Time spent auto-exploring this place.
 F = Levels seen in this place.
 G = Mean time per level.
                   A        B        C        D        E       F      G
               +--------+--------+--------+--------+--------+-----+--------+
         Total |  42653 |  40756 |   1897 |   8775 |  25728 |  34 | 1254.5 |
       Dungeon |  18375 |  17266 |   1109 |   2289 |  12867 |  15 | 1225.0 |
        Temple |      1 |      1 |      0 |      0 |      0 |   1 |    1.0 |
          Lair |   8015 |   7611 |    404 |   1314 |   5281 |   6 | 1335.8 |
   Spider Nest |   6254 |   6091 |    163 |   2057 |   3180 |   4 | 1563.5 |
  Orcish Mines |   4453 |   4347 |    106 |   2097 |   1705 |   2 | 2226.5 |
        Vaults |   3187 |   3074 |    113 |    668 |   1637 |   2 | 1593.5 |
        Depths |      7 |      7 |      0 |      0 |      0 |   1 |    7.0 |
        Bailey |    885 |    885 |      0 |    207 |    459 |   1 |  885.0 |
       Volcano |    242 |    242 |      0 |      0 |    161 |   1 |  242.0 |
      Gauntlet |   1227 |   1227 |      0 |    141 |    436 |   1 | 1227.0 |
               +--------+--------+--------+--------+--------+-----+--------+

Top non-repeatable levels by time:
Vaults:1: 2910 daAuts
   Orc:1: 2509 daAuts
Spider:2: 2086 daAuts
Spider:3: 2025 daAuts
  Lair:2: 1954 daAuts
   Orc:2: 1943 daAuts
     D:8: 1881 daAuts
     D:9: 1791 daAuts
    D:15: 1611 daAuts
  Lair:6: 1516 daAuts
    D:14: 1476 daAuts
  Lair:3: 1373 daAuts
    D:13: 1345 daAuts
Spider:4: 1309 daAuts
    D:10: 1254 daAuts
